 Dungeon Crawl Stone Soup version 0.19-a0-831-gce7da8b (webtiles) character file.

9937 4thArraOfDagon the Cleaver (level 11, -9/67 HPs)
             Began as an Octopode Abyssal Knight on June 30, 2016.
             Was an Elder of Lugonu.
             Mangled by a yak (10 damage)
             ... while paralysed
             ... on level 8 of the Dungeon.
             The game lasted 00:47:54 (8623 turns).

4thArraOfDagon the Cleaver (OpAK)                   Turns: 8623, Time: 00:47:55

Health: -9/67      AC:  3    Str:  7      XL:     11   Next: 54%
Magic:  14/14      EV:  2    Int: 18      God:    Lugonu [****..]
Gold:   310        SH:  0    Dex: 10 (11) Spells: 0 memorised, 10 levels left

rFire  + + +     SeeInvis .     e - +7 executioner's axe (flame)
rCold  + . .     Gourm    .     (shield currently unavailable)
rNeg   + + .     Faith    .     C - +2 hat
rPois  .         Spirit   .     k - amulet of the Lizard {+Blink +Rage rElec rF+++ Str-5}
rElec  +         Dismiss  .     g - ring of positive energy
rCorr  .         Reflect  .     z - ring of positive energy
SustAt .         Harm     .     (no ring)
MR     .....                    (no ring)
Stlth  +++++.....               (no ring)
                                (no ring)
                                (no ring)
                                (no ring)

@: paralysed, exhausted, slowed, not resistant to hostile enchantments, quite
stealthy
A: almost no armour, amphibious, 8 rings, constrict 8, camouflage 1, blurry
vision 1, cold resistance 1, low mp 1, gelatinous body 1
a: Depart the Abyss, Bend Space, Banish, Corrupt, Renounce Religion, Evoke
Blink, Evoke Berserk Rage


You were on level 8 of the Dungeon.
You worshipped Lugonu.
Lugonu was greatly pleased with you.
You were not hungry.

You visited 1 branch of the dungeon, and saw 15 of its levels.
You visited the Abyss 1 time.
You visited 1 bazaar.
You also visited: Sewer and Ossuary.

You collected 1064 gold pieces.
You spent 754 gold pieces at shops.

Inventory:

Hand Weapons
 a - a +2 spear
 d - a +0 blowgun
 e - a +7 executioner's axe of flaming (weapon)
 l - a -2 glaive
 A - a +0 halberd
Missiles
 f - 29 poisoned needles
 D - a throwing net (quivered)
Armour
 C - a +2 hat (worn)
 I - the +4 shield of a bailey {Dex+3, unknown}
   (You found it on level 4 of the Dungeon)

   It affects your dexterity (+3).
Jewellery
 g - a ring of positive energy (left tentacle)
 k - the amulet of the Lizard (around mantle) {+Blink +Rage rElec rF+++ Str-5}
   (You bought it in a shop in a bazaar)

   [amulet of rage]

   It affects your strength (-5).
   It renders you almost immune to fire.
   It insulates you from electricity.
   It lets you blink.
   It lets you go berserk.
 z - a ring of positive energy (right tentacle)
Wands
 j - a wand of lightning (0/15)
 o - a wand of confusion (31/48)
 r - a wand of confusion (22/48)
 v - a wand of slowing (15/48)
 w - a wand of teleportation (7/9)
 y - a wand of flame (0/48)
 F - a wand of slowing (21/48)
 H - a wand of lightning (0/15)
 K - a wand of iceblast (4/15)
Scrolls
 c - 2 scrolls of immolation
 i - a scroll of remove curse
 p - 2 scrolls of random uselessness
 u - 2 scrolls of fog
 B - a scroll of recharging
 E - 4 scrolls of holy word
 J - a scroll of blinking
Potions
 m - a potion of might
 n - 3 potions of brilliance
 q - 2 potions of berserk rage
 t - 2 potions of magic
 x - 4 potions of heal wounds
 G - 3 potions of flight
Books
 h - a Fen Folio

   Spells                             Type                      Level
   a - Corpse Rot                     Necromancy                   2
   b - Stone Arrow                    Conjuration/Earth            3
   c - Leda's Liquefaction            Hexes/Earth                  4
   d - Summon Forest                  Summoning/Translocation      5
   e - Hydra Form                     Transmutation                6
   f - Summon Hydra                   Summoning                    7
Comestibles
 b - 4 bread rations


   Skills:
 - Level 3.0 Fighting
 * Level 11.2(11.8) Axes
 - Level 6.2(9.6) Polearms
 - Level 7.3 Dodging
 - Level 9.3 Stealth
 - Level 7.3 Invocations
 + Level 4.8 Evocations


You had 10 spell levels left.
You didn't know any spells.

Dungeon Overview and Level Annotations

Branches:
Dungeon (15/15)            Temple (0/1) D:6
   Lair: D:8-11         Orc: D:9-12      Vaults: D:13-14     Depths: D:15

Altars:
Ashenzari
Cheibriados
Elyvilon
Hepliaklqana
Kikubaaqudgha
Nemelex Xobeh
Okawaru
Pakellas
Trog
Vehumet
Yredelemnul
Zin
The Shining One

Shops:
D:8 =

Annotations:
D:9 Grum
D:13 corrupted, Kirke; Urug
D:14 exclusion: tengu warrior


Innate Abilities, Weirdness & Mutations

You cannot wear most types of armour.
You are amphibious.
You can wear up to eight rings at the same time.
You can use your tentacles to constrict eight enemies at once.
Your skin changes colour to match your surroundings (Stealth+).
Your rubbery body absorbs attacks. (AC +1)
Scrolls take you a little longer to read.
Your flesh is cold resistant. (rC+)
Your magical capacity is low. (-10% MP)


Message History

You feel your dexterity returning. The yak gores you.
* * * LOW HITPOINT WARNING * * *
Unknown command.
You slice the yak!! You burn the yak.
You kill the yak!
Lugonu accepts your kill.
Unknown command.
You slice the scorpion!! You burn the scorpion!
You kill the scorpion!
Lugonu accepts your kill.
A rat comes into view.
You slice the yak!! You burn the yak!
The yak is almost dead.
You are no longer berserk.
You pass out from exhaustion.
You feel yourself slow down. The yak gores you!
* * * LOW HITPOINT WARNING * * *
The yak gores you!
You die...

#≈≈.§§# #.#
#≈#.#≈# #.#
#≈._)§# ##.# . #
#.# # #..# Z♣# ##
≈≈≈ #.## .....
#### #.# #.#. #.#
#.# ... #># #.# r
...#.#.####@####.#
...
......rYrlY∩....<#
.P.
.......####..#####
..# #.##.#. #..#
#. #.##.#. #..#
##.###.# .#. #..#
#...##.##.#. #..#
..#.....#.#. #<.#
..........#.# #..#


You could see 2 yaks, a basilisk, a river rat and a rat.

Vanquished Creatures
  A hill giant (D:10)
  A cyclops (D:12)
  A centaur zombie (D:11)
  3 centaur skeletons
  A troll (D:10)
  A basilisk (D:13)
  9 yaks
  A wyvern (D:10)
  The ghost of Borgoz the Changer, an amateur MfTm (D:4)
  A hog (D:13)
  A hippogriff (D:14)
  A hungry ghost (D:7)
  A mottled dragon (D:15)
  3 orc warriors
  A phantom (D:6)
  2 sky beasts
  An eye of draining (D:14)
  5 ogres
  3 centaurs
  7 big kobolds
  A gnoll sergeant (D:10)
  7 giant frogs
  A water moccasin zombie (D:11)
  3 scorpions
  A wight (D:7)
  2 howler monkeys (D:9)
  4 crimson imps
  A giant frog zombie (D:8)
  4 hounds
  A giant frog skeleton (D:7)
  A jelly (D:8)
  A quasit (D:6)
  5 orc priests
  9 worker ants
  5 iguanas
  10 orc wizards
  4 big kobold zombies (Ossuary)
  A hound zombie (D:7)
  4 mummies (Ossuary)
  Robin (D:4)
  3 gnolls (D:10)
  7 adders
  A river rat (D:8)
  3 shadow imps
  An adder zombie (D:9)
  2 adder skeletons
  A worm (D:3)
  2 dart slugs
  4 giant geckos
  36 orcs
  5 giant cockroaches
  9 goblins
  6 hobgoblins
  3 jackals (D:4)
  36 kobolds
  A quokka (D:6)
  5 ball pythons
  6 bats
  A giant cockroach zombie (D:5)
  5 giant newts
  A quokka skeleton (D:6)
  6 rats
255 creatures vanquished.

Vanquished Creatures (others)
  Rupert (D:13)
  2 tengu warriors
  A hill giant (D:13)
  A griffon (D:14)
  The ghost of Moloch the Cleaver, a novice MiFi of Okawaru (D:6)
  A manticore (D:11)
  A mottled dragon (D:13)
  2 water moccasins (D:12)
  An ice beast (D:11)
  An ogre (D:9)
  A centaur (D:9)
  3 giant frogs (D:12)
  A jelly (D:12)
  A river rat (D:12)
  A plant (D:8)
19 creatures vanquished.

Grand Total: 274 creatures vanquished

Notes
Turn   | Place    | Note
--------------------------------------------------------------
     0 | Abyss:1  | 4thArraOfDagon the Octopode Abyssal Knight began the quest for the Orb.
     0 | Abyss:1  | Reached XP level 1. HP: 16/16 MP: 2/2
    45 | Abyss:2  | Noticed a lich
    45 | Abyss:2  | Noticed a small abomination
    56 | D:1      | Escaped the Abyss
   136 | D:1      | Found a sparkling altar of Nemelex Xobeh.
   174 | D:1      | Reached * piety under Lugonu
   204 | D:1      | Reached XP level 2. HP: 21/21 MP: 3/3
   218 | D:1      | Reached skill level 1 in Stealth
   305 | D:2      | Found a glowing golden altar of the Shining One.
   305 | D:2      | Found a white marble altar of Elyvilon.
   305 | D:2      | Found a glowing silver altar of Zin.
   425 | D:3      | Found a glowing drain.
   429 | Sewer    | Entered a sewer
   449 | Sewer    | Reached XP level 3. HP: 22/26 MP: 4/4
   458 | Sewer    | Noticed a big kobold
   485 | Sewer    | Killed a big kobold
   485 | Sewer    | Reached XP level 4. HP: 11/31 MP: 5/5
   572 | Sewer    | Noticed a big kobold
   597 | Sewer    | Reached ** piety under Lugonu
   607 | Sewer    | Killed a big kobold
   607 | Sewer    | Reached XP level 5. HP: 36/36 MP: 6/6
   668 | Sewer    | Noticed a big kobold
   673 | Sewer    | Killed a big kobold
   673 | Sewer    | Reached XP level 6. HP: 24/42 MP: 7/7
   770 | D:2      | Reached skill level 5 in Stealth
   818 | D:2      | Found a bloodstained altar of Trog.
   923 | D:3      | Found a bloodstained altar of Trog.
  1060 | D:4      | Noticed Borgoz's ghost (amateur MfTm)
  1079 | D:5      | Entered Level 5 of the Dungeon
  1147 | D:5      | Noticed a sky beast
  1326 | D:7      | Reached XP level 7. HP: 41/46 MP: 9/9
  1514 | D:7      | Found a sand-covered staircase.
  1518 | Ossuary  | Entered an ossuary
  1681 | Ossuary  | Gained mutation: Your spells are a little easier to cast, but a little less powerful. [potion of mutation]
  1681 | Ossuary  | Gained mutation: One of your tentacles bears a spike. [potion of mutation]
  1681 | Ossuary  | Gained mutation: You regenerate slowly when monsters are visible. [potion of mutation]
  1869 | D:8      | Found a snail-covered altar of Cheibriados.
  1887 | D:8      | Reached *** piety under Lugonu
  1952 | D:8      | Reached XP level 8. HP: 46/52 MP: 11/11
  1957 | D:8      | Found a radiant altar of Vehumet.
  2148 | D:9      | Noticed Grum
  2216 | D:8      | Found Utoyf's Jewellery Shop.
  2306 | D:7      | HP: 1/52 [hungry ghost (5)]
  2319 | D:7      | Reached skill level 5 in Polearms
  2319 | D:7      | Reached skill level 5 in Dodging
  2342 | D:7      | Found a basalt altar of Yredelemnul.
  2399 | D:8      | Noticed a yak
  2428 | D:8      | Found an ancient bone altar of Kikubaaqudgha.
  2493 | D:9      | Found a shattered altar of Ashenzari.
  2552 | D:9      | Found an oddly glowing altar of Pakellas.
  2643 | D:9      | Reached skill level 5 in Invocations
  2787 | D:10     | Entered Level 10 of the Dungeon
  2895 | D:10     | Noticed a hill giant
  2950 | D:10     | Reached XP level 9. HP: 15/56 MP: 11/13
  3059 | D:10     | Noticed a manticore
  3450 | D:11     | Noticed a purple ugly thing
  3462 | D:11     | Noticed a manticore
  3489 | D:13     | Noticed a hill giant
  3524 | D:13     | Noticed Rupert
  3569 | D:12     | Found a gateway to a bazaar.
  3627 | Bazaar   | Entered a bazaar
  3627 | Bazaar   | Found Gopyuwasche's Weapon Shop.
  3627 | Bazaar   | Found Hagat's Jewellery Shoppe.
  3633 | Bazaar   | Found Zexuner's Magic Scroll Boutique.
  3639 | Bazaar   | Found Uhio's Jewellery Emporium.
  3664 | Bazaar   | Found Faxiro's Distillery.
  3675 | Bazaar   | Identified a scroll of acquirement
  3710 | Bazaar   | Bought a scroll of enchant weapon for 90 gold pieces
  3726 | Bazaar   | Bought the amulet of the Lizard {+Blink +Rage rElec rF+++ Str-5} for 598 gold pieces
  3733 | Bazaar   | Bought a potion of mutation for 47 gold pieces
  3733 | Bazaar   | Bought a potion of degeneration for 19 gold pieces
  3733 | Bazaar   | Gained mutation: One of your tentacles bears a nasty spike. [potion of mutation]
  3733 | Bazaar   | Gained mutation: You are weak. (Str -2) [potion of mutation]
  3733 | Bazaar   | Gained mutation: You are occasionally teleported next to monsters. [potion of mutation]
  3990 | D:11     | Noticed a hill giant
  4138 | D:9      | Reached **** piety under Lugonu
  4570 | D:10     | Noticed a troll
  4577 | D:10     | Killed a troll
  4729 | D:13     | Corrupted D:13
  4729 | D:13     | Noticed a hornet
  4729 | D:13     | a glowing shapeshifter changed into a hornet
  4729 | D:13     | Noticed a black mamba
  4729 | D:13     | a shapeshifter changed into a black mamba
  4729 | D:13     | Noticed a smoke demon
  4729 | D:13     | Noticed a green death
  4729 | D:13     | Noticed a thrashing horror
  4729 | D:13     | Noticed a large abomination
  4729 | D:13     | Noticed a large abomination
  4729 | D:13     | Noticed a lich
  4729 | D:13     | Noticed a green death
  4730 | D:13     | Noticed a hornet
  4730 | D:13     | a black mamba changed into a hornet
  4731 | D:13     | Noticed a large abomination
  4731 | D:13     | Noticed a bone dragon
  4731 | D:13     | Noticed a rust devil
  4732 | D:13     | Killed Rupert
  4733 | D:13     | Noticed an efreet
  4733 | D:13     | Noticed a spatial maelstrom
  4734 | D:13     | Noticed a great orb of eyes
  4735 | D:13     | Noticed a tentacled starspawn
  4735 | D:13     | Noticed a spiny frog
  4741 | D:13     | Killed a hill giant
  4748 | D:13     | Noticed an apocalypse crab
  4757 | D:13     | Noticed a harpy
  4758 | D:13     | Noticed a large abomination
  4764 | D:13     | Noticed a water nymph
  4764 | D:13     | a harpy changed into a water nymph
  4765 | D:13     | a water nymph changed into a snapping turtle
  4769 | D:13     | Noticed a water nymph
  4769 | D:13     | a snapping turtle changed into a water nymph
  4770 | D:13     | a water nymph changed into a snapping turtle
  4778 | D:13     | Noticed a moth of wrath
  4778 | D:13     | a swamp worm changed into a moth of wrath
  4786 | D:13     | Noticed an anubis guard
  4786 | D:13     | a moth of wrath changed into an anubis guard
  4789 | D:13     | Noticed a merfolk
  4789 | D:13     | an anubis guard changed into a merfolk
  4791 | D:13     | Noticed an anubis guard
  4791 | D:13     | a merfolk changed into an anubis guard
  4796 | D:13     | Noticed a moth of wrath
  4798 | D:13     | a moth of wrath changed into a tarantella
  4809 | D:13     | Noticed a salamander
  4809 | D:13     | a spriggan changed into a salamander
  4906 | D:14     | Noticed a deep elf mage
  4925 | D:14     | Noticed a tengu warrior
  4928 | D:14     | Banished a tengu warrior
  4928 | D:14     | Reached skill level 3 in Axes
  4947 | D:14     | Reached skill level 4 in Axes
  4947 | D:14     | Reached XP level 10. HP: 42/63 MP: 9/15
  4951 | D:14     | Noticed a griffon
  4959 | D:14     | Banished a griffon
  4959 | D:14     | Reached skill level 5 in Axes
  5054 | D:14     | Noticed a hill giant
  5142 | D:15     | Entered Level 15 of the Dungeon
  5146 | D:15     | Reached skill level 6 in Axes
  5155 | D:15     | Noticed a tengu warrior
  5188 | D:15     | Noticed a tengu warrior
  5198 | D:15     | Banished a tengu warrior
  5198 | D:15     | Reached skill level 7 in Axes
  5207 | D:14     | Noticed a tengu warrior
  5274 | D:13     | Noticed Kirke
  5318 | D:13     | Noticed a skeletal warrior
  5368 | D:13     | Noticed Urug
  5461 | D:13     | Noticed a yaktaur captain
  5663 | D:12     | Noticed a cyclops
  5706 | D:12     | Killed a cyclops
  5706 | D:12     | Reached skill level 8 in Axes
  5963 | D:11     | Banished a manticore
  5963 | D:11     | Reached skill level 9 in Axes
  6217 | D:10     | Killed a hill giant
  6217 | D:10     | Reached skill level 1 in Evocations
  6217 | D:10     | Reached XP level 11. HP: 47/67 MP: 16/16
  6328 | D:10     | Reached skill level 10 in Axes
  7126 | D:6      | Noticed Moloch's ghost (novice MiFi)
  7144 | D:6      | Banished Moloch's ghost
  7387 | D:5      | Found an iron altar of Okawaru.
  7606 | D:4      | Killed Borgoz's ghost
  7659 | D:4      | Noticed Robin
  7663 | D:4      | Killed Robin
  7684 | D:4      | Gained mutation: Your body sometimes deteriorates upon taking damage. [mutagenic meat]
  7687 | D:4      | Gained mutation: You tend to lose your temper in combat. [mutagenic meat]
  7845 | D:4      | Kenran: dat axe
  7888 | D:4      | Got a fine shield
  8335 | D:6      | Found a staircase to the Ecumenical Temple.
  8419 | D:6      | Lost mutation: You are weak. (Str -2) [potion of cure mutation]
  8419 | D:6      | Lost mutation: One of your tentacles bears a nasty spike. [potion of cure mutation]
  8419 | D:6      | Lost mutation: Your body sometimes deteriorates upon taking damage. [potion of cure mutation]
  8419 | D:6      | Lost mutation: One of your tentacles bears a spike. [potion of cure mutation]
  8419 | D:6      | Lost mutation: You tend to lose your temper in combat. [potion of cure mutation]
  8419 | D:6      | Lost mutation: You regenerate slowly when monsters are visible. [potion of cure mutation]
  8420 | D:6      | Lost mutation: Your spells are a little easier to cast, but a little less powerful. [potion of cure mutation]
  8420 | D:6      | Lost mutation: You are occasionally teleported next to monsters. [potion of cure mutation]
  8441 | D:6      | Found a hazy altar of Hepliaklqana.
  8568 | D:7      | Gained mutation: Your flesh is cold resistant. (rC+) [potion of mutation]
  8568 | D:7      | Gained mutation: Your magical capacity is low. (-10% MP) [potion of mutation]
  8568 | D:7      | Gained mutation: Scrolls take you a little longer to read. [potion of mutation]
  8606 | D:8      | Reached skill level 11 in Axes
  8622 | D:8      | HP: 1/67 [yak (16)]
  8623 | D:8      | Mangled by a yak

Vault maps used:
D:1:      dpeg_arrival_chambers_temple_mockup, nemelex_xobeh_ov_fountains_minmay
D:2:      good_gods_mini_temple, lightli_temple_of_fire
D:3:      grunt_gozag_statues, gup_sewer_entry_bowl, minivault_11,
          trog_three_pillars_becter
D:4:      minivault_19, uniq_robin
D:5:      kennysheep_mini_moat, first_bread
D:6:      lemuel_doored_altar
D:7:      overflow_temple_1_default, enter_ossuary_5
D:8:      fiery_altar_vehumet, old_standard_altar, kennysheep_little_box,
          minmay_lair_entry_grove, serial_shops, shop
D:9:      evilmike_ruin_ashenzari, lemuel_round_altar, david_orc_4, uniq_grum
D:10:     grunt_livestock
D:12:     serial_shops, freezing_bzr, hangedman_abyss_or_decor_stabs, pond
D:13:     david_vaults_2, uniq_kirke, uniq_urug, uniq_rupert
D:14:     serial_bayou_shore_b, kennysheep_generic_room_9
D:15:     grunt_enter_depths_giant_problem, minmay_misc_feat_doors, st_stairs_1
Bazaar:   bazaar_kb_twisted_cavern
Sewer:    kennysheep_pipe_town
Ossuary:  ossuary_the_hunt_dpeg

Skill      XL: |  1  2  3  4  5  6  7  8  9 10 11 |
---------------+----------------------------------+-----
Stealth        | 1 3 4 5 7 8 9 |  9.3
Polearms       | 3 4 5 6 |  6.2
Dodging        | 3 4 6 7 |  7.3
Invocations    | 3 4 5 7 |  7.3
Axes           | 4 9 11 | 11.2
Evocations     | 1 4 |  4.8
Fighting       | |  3.0

Action                   |  1- 3 |  4- 6 |  7- 9 | 10-12 || total
-------------------------+-------+-------+-------+-------++-------
Melee: Spear             |    72 |    73 |   317 |       ||   462
       Constrict         |    12 |    14 |    50 |    32 ||   108
       Tentacles         |     6 |    12 |    55 |    19 ||    92
       Halberd           |       |       |    50 |       ||    50
       Kick              |       |       |    71 |    17 ||    88
       Executioner's axe |       |       |     4 |   208 ||   212
 Fire: Blowgun           |       |     6 |       |       ||     6
Throw: Throwing net      |       |       |     6 |     2 ||     8
Invok: Depart the Abyss  |     1 |       |       |       ||     1
       Banish            |       |       |     4 |     7 ||    11
       Corrupt           |       |       |     1 |       ||     1
 Abil: Evoke Berserk Rag |       |       |       |     8 ||     8
       Evoke Blink       |       |       |       |     1 ||     1
Evoke: Wand              |       |     3 |    18 |     1 ||    22
  Use: Scroll            |     5 |     4 |    18 |     9 ||    36
       Potion            |     1 |     1 |    16 |     3 ||    21
 Stab: Sleeping          |     3 |    16 |    25 |    18 ||    62
       Held in net/web   |       |       |     2 |       ||     2
       Distracted        |       |       |       |     1 ||     1
  Eat: Chunk             |       |     1 |     6 |    14 ||    21
       Pizza             |       |       |     2 |     2 ||     4
       Royal jelly       |       |       |     2 |       ||     2
       Beef jerky        |       |       |     1 |       ||     1
       Meat ration       |       |       |     1 |       ||     1
       Fruit             |       |       |     1 |       ||     1
       Bread ration      |       |       |       |     2 ||     2
Armor: Skin              |    12 |       |     8 |    25 ||    45
Dodge: Dodged            |    34 |    26 |   141 |   160 ||   361
